 Dungeon Crawl Stone Soup version 0.30-a0-953-g5f1da4a474 (webtiles) character file.

Game seed: 206256137468126142

128 sanka the Insei (level 4, -2/38 HPs)
             Began as a Draconian Monk on Mar 28, 2023.
             Slain by an iguana (11 damage)
             ... on level 3 of the Dungeon.
             The game lasted 00:03:43 (2352 turns).

sanka the Insei (Draconian Monk)                    Turns: 2352, Time: 00:03:44

Health: -2/38      AC:  6    Str: 13    XL:     4   Next: 87%
Magic:  4/4        EV: 12    Int: 13    God:
Gold:   164        SH:  0    Dex: 13    Spells: 0/3 levels left

rFire   . . .      SeeInvis .      - Unarmed
rCold   . . .      Faith    .    (no shield)
rNeg    . . .      Spirit   .    (body armour unavailable)
rPois   .          Reflect  .    (helmet restricted)
rElec   .          Rampage  .    (no cloak)
rCorr   .                        n - +0 pair of gloves
Will    +....                    (no boots)
Stlth   ++                       (no amulet)
HPRegen 0.26/turn                t - ring of willpower
MPRegen 0.09/turn                o - ring of wizardry

@: no status effects
A: AC +5, unfitting armour, cold-blooded
a: no special abilities


You were on level 3 of the Dungeon.
You visited 1 branch of the dungeon, and saw 3 of its levels.

You collected 164 gold pieces.


Innate Abilities, Weirdness & Mutations

Your plain brown scales are hard. (AC +5)
You cannot fit into any form of body armour.
You are cold-blooded and may be slowed by cold attacks.


   Skills:
 - Level 3.2 Fighting
 - Level 2.6 Dodging
 - Level 1.7 Stealth
 + Level 5.6 Unarmed Combat


You couldn't memorise any spells.
You knew the following spells:

 Your Spells              Type           Power      Damage    Failure   Level
a - Ozocubu's Armour      Ice            0%         N/A       34%         3

Your spell library contained the following spells:

 Spells                   Type           Power      Damage    Failure   Level
 Scorch                   Fire           0%         2d5       19%         2
 Flame Wave               Conj/Fire      0%         2d4       73%         4
 Metabolic Englaciation   Hex/Ice        0%         N/A       96%         5
 Simulacrum               Ice/Necr       0%         N/A       100%        6
 Summon Cactus Giant      Summ           0%         N/A       100%        6

Inventory:

Missiles
 l - a throwing net {=f}
Armour
 n - a +0 pair of gloves (worn)
Jewellery
 o - a ring of wizardry (right hand)
 t - a ring of willpower (left hand)
Scrolls
 b - 2 scrolls of identify {unknown}
 d - 2 scrolls of noise {unknown}
 e - a scroll of blinking {unknown}
 f - a scroll of enchant weapon {unknown}
 i - a scroll of magic mapping {unknown}
 j - 2 scrolls of amnesia {unknown}
 m - a scroll of immolation {unknown}
 p - a scroll of teleportation {unknown}
 s - a scroll of vulnerability {unknown}
 w - a scroll of fear {unknown}
Potions
 a - a potion of ambrosia
 c - a potion of lignification {unknown}
 g - a potion of brilliance {unknown}
 h - a potion of heal wounds {unknown}
 k - 4 potions of mutation {unknown}
 q - 2 potions of curing {unknown}
 r - 2 potions of attraction {unknown}
 u - 2 potions of cancellation {unknown}
 v - 2 potions of degeneration {unknown}

Dungeon Overview and Level Annotations

Branches:
Dungeon (3/15)

Altars:

Annotations:
D:1 2 runed translucent doors

▒.........▒ ▒........>▒
.........▒ ▒▒ ▒▒.......▒▒▒ ▒▒.
▒..........▒▒ ▒▒..
▒...........▒▒▒▒▒▒▒▒▒▒▒▒...
▒...<.....▒................
▒..÷...........▒.....).....
............ld...▒▒▒....▒▒▒...
.......!......▒▒).▒..▒▒.......
.............▒▒......▒▒▒▒▒....
...▒.▒...▒▒.▒▒▒.....▒▒▒ ▒▒▒..
...▒.▒▒▒..▒.▒▒...▒....▒▒ ▒...
.. ▒. ▒.▒.▒..▒▒▒▒.▒..▒▒▒▒... .
▒.. ▒.▒▒......<. .....
▒▒.▒▒▒.......
......▒▒....†.......


You could see an iguana.


Message History

a +0 whip; an orc corpse The iguana hisses angrily.
You hit the iguana.
The iguana is lightly wounded.
The iguana bites you!
You hit the iguana.
The iguana is lightly wounded.
The iguana bites you!
* * * LOW HITPOINT WARNING * * *
You hit the iguana.
The iguana is moderately wounded.
The iguana barely misses you.
You hit the iguana but do no damage.
You tail-slap the iguana, but do no damage.
The iguana is moderately wounded.
You punch the iguana!
Your tail-slap misses the iguana.
The iguana is severely wounded.
The iguana bites you!
* * * LOW HITPOINT WARNING * * *
You hit the iguana.
The iguana is severely wounded.
The iguana bites you but does no damage.
You hit the iguana but do no damage.
The iguana is severely wounded.
The iguana bites you but does no damage.
You closely miss the iguana.
The iguana is severely wounded.
The iguana bites you!
You die...

Action                     |  1- 3 |  4- 6 || total
---------------------------+-------+-------++-------
  Melee: Unarmed           |   112 |    82 ||   194
         Tailslap          |    15 |     8 ||    23
         Punch             |     2 |       ||     2
   Stab: Sleeping          |     2 |       ||     2
 Armour: Skin              |    26 |    38 ||    64
  Dodge: Dodged            |    61 |    39 ||   100

Levels and vault maps discovered:
D:1:      erik_arrival_cave_to_civilisation [erik_arrival_cave_to_temple],
          layout_basic, chequers_ecumenical_altar_island, serial_aquarium,
          aquarium_bridge_square [aquarium_subvault_wall,
          aquarium_subvault_bridge, aquarium_subvault_balcony,
          aquarium_subvault_bridge], aquarium_bridge_long_joined
          [aquarium_subvault_wall, aquarium_subvault_wall,
          aquarium_subvault_wall, aquarium_subvault_bridge,
          aquarium_subvault_wall, aquarium_subvault_wall], aquarium_window_3,
          aquarium_window_1, aquarium_view_4, aquarium_view_2d,
          aquarium_balcony_1b, aquarium_pool_2
D:2:      layout_loops_ring, kennysheep_generic_room_9
D:3:      layout_rooms, nicolae_qazlal_general_emergency

Notes
Turn   | Place    | Note
-------+----------+-------------------------------------------
     0 | D:1      | sanka the Draconian Monk began the quest for the Orb.
     0 | D:1      | Reached XP level 1. HP: 19/19 MP: 1/1
   102 | D:1      | Found a large runed translucent door.
   102 | D:1      | Found a large runed translucent door.
   105 | D:1      | Noticed an ogre
   105 | D:1      | Noticed an ogre
   106 | D:1      | Noticed an ogre
   106 | D:1      | Noticed an ogre
   208 | D:1      | Reached XP level 2. HP: 26/26 MP: 2/2
   547 | D:1      | Found a faded altar of an unknown god.
   968 | D:2      | Reached skill level 4 in Unarmed Combat
   968 | D:2      | Reached XP level 3. HP: 31/31 MP: 3/3
  1013 | D:2      | Identified the +2 mace of Hard Scrabble {venom, Drain rC+
                  | Int+2 Dex+6}
  1442 | D:2      | Reached XP level 4. HP: 37/38 MP: 4/4
  1522 | D:2      | Reached skill level 5 in Unarmed Combat
  1829 | D:2      | Learned a level 3 spell: Ozocubu's Armour
  2352 | D:3      | Slain by an iguana

Vanquished Creatures
  An orc priest (D:3)
  4 adders
  2 worms (D:2)
  A dart slug (D:2)
  2 orcs (D:2)
  6 endoplasms
  6 giant cockroaches
  4 goblins
  5 hobgoblins
  2 jackals (D:3)
  3 quokkas
  5 ball pythons
  A bat (D:2)
  A frilled lizard (D:2)
  4 kobolds
  2 rats (D:2)
49 creatures vanquished.
